AoeStats
← Clueless Clown

Nomad

503207616Analyzed
4v4 RM · 1mo ago on Aug 30, 2026· 78m 37s· 8 players
Game mode
Random Map
Map size
231×231
Population
200
Speed
Normal
Resources
Standard
Victory
Conquest
Starting age
Dark Age
Ending age
Imperial Age
RankedLock teamsTeams togetherTeam positionsShared explorationLock speedFull tech treeHidden civsTurbo modeCheats
Victory
Defeat
🇹🇷 Armenians · Türkiye
1189
+11
🇹🇷 Dravidians · Türkiye
1109
+14
🇹🇷 Ethiopians · Türkiye
1069
+16
🇹🇷 Cumans · Türkiye
1036
+18
🇬🇧 Bohemians · United Kingdom
1107
-16
🇺🇸 Mongols · United States
1081
-15
1055
-14
🇺🇸 Britons · United States
1054
-14
SideMeerkat6918
4:10 Loom
17:38 Feudal Age
19:05 Wheelbarrow
18:16 Double-Bit Axe
18:17 Horse Collar
18:26 Town Watch
19:26 Fishing Lines
24:11 Castle Age
23:46 Forging
24:51 Scale Mail Armor
24:59 Scale Barding Armor
24:59 Heavy Plow
31:38 Hand Cart
33:35 Iron Casting
34:00 Chain Barding Armor
39:22 Imperial Age
39:31 Cavalier
40:12 Husbandry
41:45 Blast Furnace
43:29 Conscription
佩服许仙敢日蛇
7:01 Loom
15:41 Feudal Age
17:36 Double-Bit Axe
22:50 Castle Age
21:06 Bloodlines
21:19 Scale Barding Armor
22:51 Forging
40:07 Fishing Lines
41:19 Stone Mining
44:09 Gillnets
52:35 Town Watch
53:25 Wheelbarrow
54:30 Chain Barding Armor
55:20 Gold Mining
59:20 Iron Casting
Clueless Clown
4:35 Loom
14:05 Feudal Age
18:42 Castle Age
16:40 Gold Mining
16:41 Double-Bit Axe
17:13 Stone Mining
18:31 Fletching
18:54 Padded Archer Armor
19:46 Horse Collar
26:17 Bodkin Arrow
26:39 Leather Archer Armor
26:51 Bow Saw
28:38 Yeomen
30:07 Scale Barding Armor
31:01 Husbandry
32:48 Wheelbarrow
34:54 Imperial Age
33:47 Scale Mail Armor
34:07 Chain Barding Armor
34:36 Ballistics
34:29 Masonry
34:14 Murder Holes
34:22 Elite Skirmisher
36:43 Ballistics
36:21 Murder Holes
36:37 Masonry
36:41 Warwolf
39:13 Chemistry
40:23 Conscription
40:12 Bracer
40:43 Ring Archer Armor
42:35 Hand Cart
43:14 Siege Engineers
45:23 Gold Shaft Mining
45:17 Elite Longbowman
47:55 Hoardings
52:47 Architecture
57:00 Treadmill Crane
65:18 Plate Barding Armor
billthepeanut
3:38 Loom
15:50 Feudal Age
20:14 Castle Age
19:33 Town Watch
22:02 Bloodlines
21:55 Husbandry
22:34 Wheelbarrow
24:02 Double-Bit Axe
25:15 Gold Mining
25:38 Bow Saw
25:46 Fletching
25:57 Padded Archer Armor
33:42 Ballistics
36:59 Masonry
36:45 Murder Holes
42:00 Bodkin Arrow
42:25 Leather Archer Armor
42:40 Hand Cart
47:50 Imperial Age
48:56 Conscription
48:40 Bracer
50:39 Elite Mangudai
53:22 Capped Ram
54:52 Drill
54:20 Siege Ram
55:45 Elite Steppe Lancer
56:40 Light Cavalry
57:27 Hussar
60:47 Scale Barding Armor
62:23 Chain Barding Armor
62:20 Forging
65:18 Iron Casting
uzunadamserdar
14:29 Loom
18:36 Feudal Age
21:54 Double-Bit Axe
22:43 Man-at-Arms
36:26 Castle Age
Otis Abi
3:31 Loom
14:04 Feudal Age
15:36 Gold Mining
19:46 Castle Age
18:18 Fletching
27:04 Wheelbarrow
27:56 Bodkin Arrow
29:26 Ballistics
31:05 Hand Cart
32:21 Padded Archer Armor
34:17 Horse Collar
44:21 Imperial Age
44:46 Scale Barding Armor
45:48 Conscription
46:54 Elite Elephant Archer
49:12 Chain Barding Armor
48:54 Bracer
54:53 Double-Bit Axe
57:23 Leather Archer Armor
61:36 Wootz Steel
65:14 Town Watch
67:20 Thumb Ring
67:19 Husbandry
68:27 Light Cavalry
70:26 Pikeman
71:07 Squires
71:27 Arson
75:32 Ring Archer Armor
74:30 Halberdier
76:18 Gambesons
TANA
3:59 Loom
15:53 Feudal Age
22:28 Castle Age
20:19 Double-Bit Axe
20:26 Stone Mining
20:23 Fishing Lines
23:59 Crossbowman
24:30 Fletching
26:30 Bodkin Arrow
26:56 Bow Saw
26:37 Gold Mining
28:18 Elite Skirmisher
29:09 Padded Archer Armor
30:23 Leather Archer Armor
38:02 Imperial Age
36:48 Wheelbarrow
37:45 Ballistics
38:52 Bracer
41:22 Chemistry
41:30 Horse Collar
45:04 Ring Archer Armor
45:55 Conscription
46:03 Masonry
46:07 Elite Composite Bowman
46:35 Pikeman
53:09 Husbandry
52:30 Light Cavalry
53:20 Bloodlines
53:16 Scale Barding Armor
53:22 Forging
53:23 Heavy Plow
55:16 Chain Barding Armor
55:31 Iron Casting
56:17 Town Watch
59:10 Iron Casting
58:14 Halberdier
61:34 Scale Mail Armor
62:34 Blast Furnace
63:04 Chain Mail Armor
68:39 Hoardings
67:35 Sappers
68:36 Plate Mail Armor
71:43 Arson
71:59 Squires
74:36 Cavalier
75:29 Caravan
75:40 Guilds
metalmilitia620
12:27 Loom
16:02 Feudal Age
16:25 Fishing Lines
16:35 Double-Bit Axe
16:46 Gold Mining
18:00 Forging
19:37 Wheelbarrow
19:33 Fletching
20:05 Horse Collar
21:00 Stone Mining
24:28 Castle Age
23:52 Town Watch
25:26 Hand Cart
25:06 Gillnets
25:28 Medium Warships
25:54 Iron Casting
25:36 Bow Saw
25:56 Bodkin Arrow
28:11 Town Patrol
28:03 Horse Collar
30:41 Scale Mail Armor
31:29 Ballistics
33:23 Gold Shaft Mining
33:28 Chain Mail Armor
34:16 Squires
34:04 Arson
34:24 Heavy Plow
35:39 Padded Archer Armor
38:18 Imperial Age
36:04 Royal Heirs
37:34 Murder Holes
37:50 Masonry
38:25 Elite Shotel Warrior
38:36 Capped Ram
40:24 Conscription
41:56 Blast Furnace
41:43 Elite Skirmisher
42:30 Thumb Ring
42:26 Padded Archer Armor
42:27 Bracer
43:37 Plate Mail Armor
44:12 Chemistry
43:18 Siege Engineers
43:51 Leather Archer Armor
47:53 Torsion Engines
47:38 Halberdier
54:10 Ring Archer Armor
54:13 Architecture
73:59 Stone Shaft Mining
74:51 Guilds
Connection lost

Rejoining the realm…

Still unreachable

The connection could not be restored.

Session expired

The server has moved on; the page needs a fresh start.